 Dungeon Sprint DCSS version 0.26.0-15-gc6cd9f700b (webtiles) character file.

Game seed: 13817371395967181692

63302 Groucho the Tortoise (level 15, -12/118 (120) HPs)
             Began as a Halfling Wanderer on Jan 6, 2021.
             Was the Champion of Qazlal.
             Killed by divine providence
             ... invoked by a royal mummy
              (15 damage)
             ... in the Dungeon (Sprint V: "Ziggurat Sprint") on Jan 17, 2021.
             The game lasted 00:19:49 (3033 turns).

Groucho the Tortoise (Halfling Wanderer)            Turns: 3033, Time: 00:19:49

HP:   -12/118 (120) AC: 37    Str: 25    XL:     15   Next: 49%
MP:   15/28         EV: 19    Int: 11    God:    Qazlal [******]
Gold: 0             SH: 48    Dex: 20    Spells: 14/14 levels left

rFire    . . .     SeeInvis .   E - +6 shillelagh "Devastator" {shatter}
rCold    . . .     Faith    .   D - +18 shield of the Gong {rElec rN+ Will+ EV-5}
rNeg     + . .     Spirit   .   C - +15 Maxwell's patent armour {-Cast -Tele rElec Will+ rCorr}
rPois    .         Reflect  +   Z - +1 hat
rElec    +         Harm     .   O - +1 cloak {Will+}
rCorr    +         Rampage  .   (no gloves)
Will     ++++.     NoTele   +   (no boots) Stlth ..........NoCast +
                                W - amulet of Etocw {Reflect rElec Slay+3 SH+5}
HPRegen  0.29/turn              A - +6 ring of strength
MPRegen  0.21/turn              B - +6 ring of strength

@: studying 3 skills, lightly drained, repel missiles
A: small, mutation resistance 1
a: Renounce Religion, Upheaval, Elemental Force, Disaster Area


You were in the Dungeon.
You worshipped Qazlal.
Qazlal was exalted by your worship.
You visited 1 branch

Inventory:

Hand Weapons
 E - the +6 shillelagh "Devastator" (weapon) {shatter}
   (You found it in the Dungeon)
 F - a +5 fustibalus
Missiles
 G - 1000 sling bullets
Armour
 a - +5 gold dragon scales
 C - the +15 Maxwell's patent armour (worn) {-Cast -Tele rElec Will+ rCorr}
   (You found it in the Dungeon)

   It insulates you from electricity.
   It affects your willpower, your defense against some magical effects.
   It prevents spellcasting.
   It prevents most forms of teleportation.
   It provides partial protection from all sources of acid and corrosion.
 D - the +18 shield of the Gong (worn) {rElec rN+ Will+ EV-5}
   (You found it in the Dungeon)

   It affects your evasion (-5).
   It insulates you from electricity.
   It protects you from negative energy.
   It affects your willpower, your defense against some magical effects.
 O - a +1 cloak of willpower (worn)
 V - the +1 pair of gloves of Birdsong {+Fly rF+++ Str+3 Dex-4}
   (You found it in the Dungeon)

   It affects your strength (+3).
   It affects your dexterity (-4).
   It renders you almost immune to fire.
   It lets you fly.
 Z - a +1 hat (worn)
Jewellery
 v - the ring "Omeuqary" {rF+ rN+}
   (You found it in the Dungeon)

   [ring of protection from fire]

   It protects you from fire.
   It protects you from negative energy.
 w - an uncursed ring of flight
 x - a +6 ring of dexterity
 A - a +6 ring of strength (left hand)
 B - a +6 ring of strength (right hand)
 H - an uncursed ring of resist corrosion
 I - an uncursed amulet of reflection
 K - an uncursed ring of positive energy
 Q - the amulet of Vitality {Regen+ HP+15}
   (You found it in the Dungeon)

   [amulet of regeneration]

   It affects your health (+15).
   It increases your rate of regeneration.
 R - an uncursed ring of protection from fire
 S - the ring of Beisousm {rElec rF+++ Will- Dex+3 SInv}
   (You found it in the Dungeon)

   [ring of see invisible]

   It affects your dexterity (+3).
   It renders you almost immune to fire.
   It insulates you from electricity.
   It affects your willpower, your defense against some magical effects.
   It lets you see invisible.
 W - the amulet of Etocw (around neck) {Reflect rElec Slay+3 SH+5}
   (You found it in the Dungeon)

   [amulet of reflection]

   It shields you and reflects attacks.
   It affects your accuracy and damage with ranged weapons and melee attacks
   (+3).
   It insulates you from electricity.
   It affects your SH (+5).
 X - the macabre finger necklace {rN+}
   (You found it in the Dungeon)

   [amulet of nothing]

   It protects you from negative energy.
Wands
 s - a wand of disintegration (7)
 t - a wand of iceblast (7)
 u - a wand of acid (7)
Scrolls
 b - 3 scrolls of fear
 j - 4 scrolls of blinking
 n - 4 scrolls of amnesia
 o - 7 scrolls of fog
 p - 3 scrolls of holy word
 q - 5 scrolls of identify
 r - 5 scrolls of remove curse
 T - 8 scrolls of enchant armour
 U - 3 scrolls of brand weapon
Potions
 c - 2 potions of brilliance
 d - 2 potions of invisibility
 e - 10 potions of curing
 f - 14 potions of heal wounds
 g - 6 potions of haste
 h - 7 potions of magic
 i - 3 potions of berserk rage
 k - 4 potions of resistance
 l - a potion of experience
 m - 5 potions of might
Books
 y - a manual of Axes
 M - a manual of Axes
 N - a manual of Staves
 Y - a manual of Earth Magic
Miscellaneous
 L - a condenser vane
 P - a condenser vane


   Skills:
 + Level 17.1 Fighting
 - Level 2.4 Short Blades
 - Level 1.0 Axes
 + Level 19.7 Armour
 + Level 19.6 Dodging
 - Level 2.1 Stealth
 + Level 19.6 Shields
 + Level 19.6 Invocations
 - Level 1.0 Evocations


You had 14 spell levels left.
You didn't know any spells.
Your spell library contained the following spells:

 Spells                   Type           Power        Failure   Level
 Animate Skeleton         Necr           0%           91%         1
 Apportation              Tloc           0%           91%         1
 Corona                   Hex            0%           91%         1
 Foxfire                  Conj/Fire      0%           91%         1
 Freeze                   Ice            0%           91%         1
 Magic Dart               Conj           0%           91%         1
 Pain                     Necr           0%           91%         1
 Sandblast                Erth           0%           91%         1
 Shock                    Conj/Air       0%           91%         1
 Summon Small Mammal      Summ           0%           91%         1
 Blink                    Tloc           N/A          97%         2
 Call Imp                 Summ           0%           97%         2
 Corpse Rot               Necr/Air       N/A          97%         2
 Ensorcelled Hibernation  Hex/Ice        0%           97%         2
 Passwall                 Tmut/Erth      0%           97%         2
 Slow                     Hex            0%           97%         2
 Call Canine Familiar     Summ           0%           100%        3
 Confusing Touch          Hex            0%           100%        3
 Conjure Flame            Conj/Fire      0%           100%        3
 Dazzling Flash           Conj/Hex       0%           100%        3
 Frozen Ramparts          Ice            0%           100%        3
 Gell's Gravitas          Tloc           0%           100%        3
 Inner Flame              Hex/Fire       0%           100%        3
 Lesser Beckoning         Tloc           0%           100%        3
 Mephitic Cloud           Conj/Pois/Air  0%           100%        3
 Ozocubu's Armour         Ice            0%           100%        3
 Static Discharge         Conj/Air       0%           100%        3
 Stone Arrow              Conj/Erth      0%           100%        3
 Summon Guardian Golem    Hex/Summ       0%           100%        3
 Teleport Other           Tloc           0%           100%        3
 Tukima's Dance           Hex            0%           100%        3
 Vampiric Draining        Necr           0%           100%        3
 Airstrike                Air            0%           100%        4
 Animate Dead             Necr           0%           100%        4
 Hailstorm                Conj/Ice       0%           100%        4
 Passage of Golubria      Tloc           N/A          100%        4
 Petrify                  Tmut/Erth      0%           100%        4
 Sticky Flame             Conj/Fire      0%           100%        4
 Summon Ice Beast         Ice/Summ       0%           100%        4
 Agony                    Necr           0%           100%        5
 Borgnjor's Vile Clutch   Necr/Erth      0%           100%        5
 Fireball                 Conj/Fire      0%           100%        5
 Irradiate                Conj/Tmut      0%           100%        5
 Iskenderun's Battlesphe  Conj           0%           100%        5
 Lee's Rapid Deconstruct  Erth           0%           100%        5
 Lightning Bolt           Conj/Air       0%           100%        5
 Metabolic Englaciation   Hex/Ice        0%           100%        5
 Silence                  Hex/Air        0%           100%        5
 Summon Demon             Summ           0%           100%        5
 Summon Forest            Summ/Tloc      0%           100%        5
 Summon Mana Viper        Hex/Summ       0%           100%        5
 Yara's Violent Unravell  Hex/Tmut       0%           100%        5
 Death Channel            Necr           0%           100%        6
 Eringya's Noxious Bog    Tmut/Pois      0%           100%        6
 Hydra Form               Tmut           0%           100%        6
 Iron Shot                Conj/Erth      0%           100%        6
 Shadow Creatures         Summ           N/A          100%        6
 Simulacrum               Ice/Necr       0%           100%        6
 Spellforged Servitor     Conj/Summ      0%           100%        7
 Summon Hydra             Summ           0%           100%        7
 Ignition                 Fire           0%           100%        8
 Shatter                  Erth           0%           100%        9
 Tornado                  Air            0%           100%        9


Dungeon Overview and Level Annotations

Branches:
Dungeon (1/1)

Altars:
Ashenzari
Cheibriados
Dithmenos
Elyvilon
Fedhas
Gozag
Hepliaklqana
Kikubaaqudgha
Makhleb
Nemelex Xobeh
Okawaru
Qazlal
Ru
Sif Muna
Trog
Uskayaw
Vehumet
Wu Jian
Xom
Yredelemnul
Zin
The Shining One
Beogh
Jiyva
Lugonu


Innate Abilities, Weirdness & Mutations

You are small and have problems with some larger weapons.
You are somewhat resistant to further mutation.


Message History

The royal mummy is flash-frozen.
The blast of magma engulfs the royal mummy!!!
The royal mummy is heavily damaged.
The blast of magma engulfs the ushabti!
The ushabti partially resists.
The ushabti is moderately damaged.
The blast of ice hits the jiangshi!!
The jiangshi partially resists.
The jiangshi is almost destroyed.
The jiangshi is flash-frozen.
The blast of rubble hits the royal mummy.
The royal mummy is severely damaged.
The cutting wind hits the royal mummy!!!
The royal mummy is severely damaged.
The cutting wind hits the jiangshi!!
You destroy the jiangshi!
You block the death scarab's attack.
BONNNG!
The death scarab completely misses you.
The royal mummy points at you and mumbles some strange words.
Something smites you!
You die...

▓......÷
▓.≈..)§§))≈M8≈..▓......÷
▓.≈|[§≈M..≈○≈≈..▓.......
▓§§§..§.§≈≈○≈...▓..▓....
▓..≈§§.§.≈○≈≈...▓..≈....
▓.≈§§§§≈≈≈°≈....▓.......
▓≈§≈§..≈B§M≈....▓......©
▓.≈§..○°.≈≈≈....▓▓▓▓▓▓▓▓
▓..@B☼≈.▓ . ▓▓§.≈°.▓▓ .
...▓.○.☼≈.§▓...
.........§.§...
....§..§§§§§§≈.
▓▓▓▓▓▓▓▓▓▓▓▓▓▓▓


You could see 3 royal mummies, an ushabti and 2 death scarabs.

Vanquished Creatures
  A lich (D)
  An azure jelly (D)
  A ghoul (D)
  3 very ugly things (D)
  3 vampire knights (D)
  2 mummy priests (D)
  2 death oozes (D)
  A great orb of eyes (D)
  2 merfolk impalers (D)
  A naga warrior (D)
  5 spriggan air magi (D)
  An alligator snapping turtle (D)
  2 merfolk avatars (D)
  5 hydras (D)
  A catoblepas (D)
  3 merfolk aquamancers (D)
  An anaconda (shapeshifter) (D)
  2 dancing weapons (D)
  5 spriggan berserkers (D)
  A hell hog (D)
  A shock serpent (shapeshifter) (D)
  6 skeletal warriors (D)
  3 sea snakes (D)
  A glowing orange brain (D)
  4 deep elf archers (D)
  A spriggan druid (D)
  A swamp dragon (shapeshifter) (D)
  2 necromancers (D)
  A mana viper (shapeshifter) (D)
  4 ugly things (D)
  A shining eye (D)
  4 manticores (D)
  A cyclops (D)
  2 guardian serpents (D)
  2 merfolk sirens (D)
  4 black mambas (D)
  A rust devil (D)
  A torpor snail (D)
  A naga mage (D)
  3 komodo dragons (D)
  A torpor snail (shapeshifter) (D)
  6 cane toads (D)
  A rime drake (shapeshifter) (D)
  2 hellions (D)
  2 yaktaurs (shapeshifter) (D)
  2 tormentors (D)
  A red devil (D)
  8 guardian mummies (D)
  A merfolk (shapeshifter) (D)
  3 merfolk (D)
  A wind drake (shapeshifter) (D)
  A polar bear (shapeshifter) (D)
  A polar bear (D)
  5 slime creatures (D)
  A dream sheep (D)
  A flying skull (D)
  An air elemental (D)
  A water elemental (D)
  4 yaks (D)
  2 vampires (D)
  3 shadows (D)
  An ushabti (D)
  A basilisk (D)
  4 neqoxecs (D)
  4 nagas (D)
  10 water moccasins (D)
  A hell hound (D)
  2 orc warriors (D)
  A phantom (D)
  3 necrophages (D)
  3 wolves (D)
  2 bullfrogs (D)
  6 wights (D)
  3 jellies (D)
  6 orc priests (D)
  3 orc wizards (D)
  An iron imp (D)
  9 mummies (D)
  3 adders (D)
  A river rat (D)
  6 adder skeletons (D)
  2 orcs (D)
  5 ball pythons (D)
  3 bat skeletons (D)
  5 bat zombies (D)
  2 jackals (D)
  A ball python skeleton (D)
  A giant cockroach zombie (D)
  A jackal skeleton (D)
  2 jackal zombies (D)
  3 leopard gecko skeletons (D)
  2 leopard gecko zombies (D)
  A quokka skeleton (D)
  2 quokka zombies (D)
235 creatures vanquished.

Notes
Turn   | Place    | Note
-------+----------+-------------------------------------------
     0 | D        | Groucho the Halfling Wanderer began the quest for the Orb.
     0 | D        | Groucho set off with the following items: a +2 dagger, a
                  | scroll of fear, a +0 short sword, a +0 robe, a potion of
                  | curing, a potion of heal wounds, a potion of haste, 2
                  | potions of magic, a potion of berserk rage, a scroll of
                  | blinking
     0 | D        | Reached XP level 1. HP: 14/14 MP: 1/1
    12 | D        | Found a blossoming altar of Fedhas.
    13 | D        | Found the +6 Majin-Bo {vamp, MP+6 Int+6}
    13 | D        | Found the +9 heavy crossbow "Sniper" {vorpal, Acc+∞ SInv}
    13 | D        | Found the +10 dark maul {vorpal}
    13 | D        | Found the +15 Maxwell's patent armour {-Cast -Tele rElec
                  | Will+ rCorr}
    13 | D        | Found the +18 shield of the Gong {rElec rN+ Will+ EV-5}
    13 | D        | Found the cursed +14 obsidian axe {vorpal, +Fly SInv
                  | *Curse}
    13 | D        | Found the +7 great mace "Firestarter" {inner flame, rF++}
    13 | D        | Found the +6 shillelagh "Devastator" {shatter}
    13 | D        | Found the +11 plutonium sword {*Contam Stlth-}
    13 | D        | Found the +8 lance "Wyrmbane" {slay drac, rPois rF+ rC+
                  | AC+3}
    13 | D        | Found the +9 sword of Zonguldrok {reap}
    13 | D        | Found the cursed +13 scythe of Curses {drain, *Curse}
    13 | D        | Found the +5 sword of Power {vorpal}
    13 | D        | Found the +7 mace of Variability {chain chaos}
    13 | D        | Found the +7 Singing Sword {vorpal, sonic wave}
    13 | D        | Found the +8 storm bow {elec, penet}
    14 | D        | Found a shimmering blue altar of Sif Muna.
    14 | D        | Found a sacrificial altar of Ru.
    14 | D        | Found a bloodstained altar of Trog.
    14 | D        | Found a stormy altar of Qazlal.
    14 | D        | Found an iron altar of Okawaru.
    14 | D        | Found a sparkling altar of Nemelex Xobeh.
    16 | D        | Found a transporter.
    16 | D        | Found an ancient bone altar of Kikubaaqudgha.
    16 | D        | Found a viscous altar of Jiyva.
    16 | D        | Found a corrupted altar of Lugonu.
    16 | D        | Found a hazy altar of Hepliaklqana.
    16 | D        | Found a burning altar of Makhleb.
    16 | D        | Found an opulent altar of Gozag.
    43 | D        | Became a worshipper of Qazlal Stormbringer
    82 | D        | Entered arena 2.
    82 | D        | Noticed a yak
    82 | D        | Noticed a yak
    82 | D        | Found a transporter.
    88 | D        | Killed a yak
    89 | D        | Reached skill level 5 in Armour
    89 | D        | Reached XP level 2. HP: 20/23 MP: 1/5
    89 | D        | Reached XP level 3. HP: 24/27 MP: 1/6
    89 | D        | Reached XP level 4. HP: 30/34 MP: 1/7
    89 | D        | Reached XP level 5. HP: 34/38 MP: 1/8
    90 | D        | Killed a yak
    91 | D        | Reached skill level 5 in Fighting
    91 | D        | Reached XP level 6. HP: 40/45 MP: 1/10
   464 | D        | Entered arena 3.
   464 | D        | Found a transporter.
   469 | D        | Reached * piety under Qazlal
   479 | D        | Entered arena 4.
   479 | D        | Noticed a yak
   479 | D        | Found a transporter.
   481 | D        | Reached ** piety under Qazlal
   482 | D        | Reached XP level 7. HP: 52/52 MP: 10/12
   483 | D        | Killed a yak
   494 | D        | Entered arena 5.
   494 | D        | Found a transporter.
   498 | D        | Reached *** piety under Qazlal
   503 | D        | Reached XP level 8. HP: 59/60 MP: 12/14
   525 | D        | Entered arena 6.
   525 | D        | Found a transporter.
   526 | D        | Reached **** piety under Qazlal
   752 | D        | Entered arena 7.
   753 | D        | Reached ***** piety under Qazlal
   755 | D        | Found a transporter.
   779 | D        | Entered arena 8.
   780 | D        | Found the +5 robe of Night {Dark Will+ SInv}
   786 | D        | Found a transporter.
   803 | D        | Entered arena 9.
   803 | D        | Noticed a purple ugly thing
   803 | D        | Noticed a wind drake
   803 | D        | Noticed a shining eye
   803 | D        | Noticed a white ugly thing
   804 | D        | Found a transporter.
   806 | D        | Noticed a polar bear
   806 | D        | a black bear changed into a polar bear
   808 | D        | Noticed a swamp dragon
   808 | D        | a wind drake changed into a swamp dragon
   809 | D        | Killed a shining eye
   810 | D        | Reached XP level 9. HP: 62/66 MP: 2/16
   810 | D        | Killed a purple ugly thing
   811 | D        | Reached skill level 10 in Armour
   811 | D        | Killed a white ugly thing
   812 | D        | Reached skill level 10 in Dodging
   812 | D        | Reached skill level 10 in Shields
   812 | D        | Reached skill level 10 in Invocations
   812 | D        | Killed a polar bear
   812 | D        | Reached ****** piety under Qazlal
   827 | D        | Killed a swamp dragon
   828 | D        | Reached XP level 10. HP: 39/74 MP: 5/18
  1465 | D        | Entered arena 10.
  1467 | D        | Found a transporter.
  1534 | D        | Entered arena 11.
  1534 | D        | Noticed a deep elf archer
  1534 | D        | Noticed a deep elf archer
  1534 | D        | Noticed a rime drake
  1534 | D        | Noticed a +7 long sword of holy wrath
  1534 | D        | Noticed a +3 vorpal trident
  1534 | D        | Noticed a deep elf archer
  1534 | D        | Noticed a deep elf archer
  1535 | D        | Found a transporter.
  1536 | D        | Killed a deep elf archer
  1536 | D        | Killed a rime drake
  1536 | D        | Killed a +3 vorpal trident
  1536 | D        | Killed a deep elf archer
  1537 | D        | Reached skill level 10 in Fighting
  1540 | D        | Killed a deep elf archer
  1541 | D        | Reached XP level 11. HP: 82/82 MP: 11/20
  1543 | D        | Killed a +7 long sword of holy wrath
  1543 | D        | Killed a deep elf archer
  1571 | D        | Entered arena 12.
  1571 | D        | Noticed a four-headed hydra
  1571 | D        | Noticed a spriggan berserker
  1571 | D        | Noticed a five-headed hydra
  1572 | D        | Found the amulet of Vitality {Regen+ HP+15}
  1572 | D        | Noticed a catoblepas
  1573 | D        | Found a transporter.
  1574 | D        | Killed a spriggan berserker
  1575 | D        | Upgraded the game from 0.26-b1-45-g23770d1d51 to
                  | 0.26.0-15-gc6cd9f700b
  1575 | D        | Killed a four-headed hydra
  1575 | D        | Killed a catoblepas
  1576 | D        | Killed a five-headed hydra
  1577 | D        | Reached XP level 12. HP: 91/91 MP: 4/22
  1603 | D        | Got the ring of Beisousm {rElec rF+++ Will- Dex+3 SInv}
  1677 | D        | Entered arena 13.
  1678 | D        | Noticed a vampire knight
  1684 | D        | Killed a vampire knight
  1687 | D        | Found a transporter.
  1699 | D        | Got the Tome of the Blaze and Combat Magic
  1705 | D        | Got the Almanac of the Destructive Glacier
  1714 | D        | Entered arena 14.
  1714 | D        | Noticed a spriggan druid
  1714 | D        | Noticed a spriggan berserker
  1714 | D        | Noticed a four-headed hydra
  1714 | D        | Noticed a spriggan berserker
  1715 | D        | Noticed a seven-headed hydra
  1715 | D        | Noticed a spriggan air mage
  1717 | D        | Killed a seven-headed hydra
  1717 | D        | Killed a four-headed hydra
  1717 | D        | Killed a spriggan druid
  1717 | D        | Killed a spriggan berserker
  1717 | D        | Killed a spriggan air mage
  1718 | D        | Reached skill level 15 in Armour
  1721 | D        | Killed a spriggan berserker
  1722 | D        | Reached skill level 15 in Shields
  1724 | D        | Reached skill level 15 in Dodging
  1724 | D        | Reached skill level 15 in Invocations
  1725 | D        | Found a transporter.
  1760 | D        | Entered arena 15.
  1760 | D        | Noticed a glowing orange brain
  1761 | D        | Noticed a death ooze
  1761 | D        | Noticed a great orb of eyes
  1761 | D        | Noticed an azure jelly
  1761 | D        | Noticed a death ooze
  1763 | D        | Killed a great orb of eyes
  1763 | D        | Killed a glowing orange brain
  1763 | D        | Killed a death ooze
  1763 | D        | Killed a death ooze
  1764 | D        | Reached XP level 13. HP: 96/99 MP: 16/24
  1765 | D        | Found a transporter.
  1770 | D        | Killed an azure jelly
  1792 | D        | Got Fuggeguwk's Disquisition on Battle Magic
  1942 | D        | Entered arena 16.
  1944 | D        | Identified the ring of Daarph {*Contam +Inv rC+ rN+ Stlth+}
  1948 | D        | Found a transporter.
  1972 | D        | Got The Foundations of Spellcasting
  1987 | D        | Got the +1 pair of gloves of Birdsong {+Fly rF+++ Str+3
                  | Dex-4}
  2383 | D        | Entered arena 17.
  2385 | D        | Noticed a white very ugly thing
  2386 | D        | Noticed a brown very ugly thing
  2386 | D        | Noticed a red very ugly thing
  2387 | D        | Found the macabre finger necklace {rN+}
  2387 | D        | Noticed an anaconda
  2388 | D        | Killed a red very ugly thing
  2388 | D        | Killed an anaconda
  2388 | D        | Killed a brown very ugly thing
  2395 | D        | Killed a brown very ugly thing
  2396 | D        | Reached XP level 14. HP: 108/108 MP: 16/26
  2403 | D        | Found a transporter.
  2415 | D        | Got the amulet of Etocw {Reflect rElec Slay+3 SH+5}
  2442 | D        | Got the ring of Laafe Mez {rCorr Int-5 Dex+3}
  2447 | D        | Entered arena 18.
  2450 | D        | Identified the ring of Arrival {*Drain Will+ Slay+6}
  2452 | D        | Reached skill level 15 in Fighting
  2456 | D        | Found a transporter.
  2541 | D        | Entered arena 19.
  2543 | D        | Identified the cursed ring "Damnable Contraption" {AC-4
                  | Str+4 Int+5}
  2550 | D        | Found a transporter.
  2754 | D        | Entered arena 20.
  2758 | D        | Identified the ring "Afek" {Str+3 Int+3 Stlth+}
  2760 | D        | Found the amulet of the Air {Inacc +Fly rElec EV+5 RMsl}
  2760 | D        | Found the +0 staff of Battle
  2762 | D        | Reached XP level 15. HP: 97/118 MP: 13/28
  2769 | D        | Found a transporter.
  2801 | D        | Got the ring "Omeuqary" {rF+ rN+}
  2832 | D        | Entered arena 21.
  2835 | D        | Noticed a ghoul
  2836 | D        | Noticed a lich
  2837 | D        | Identified the +5 great mace "Beetle's Undoing" {protect,
                  | *Corrode rPois Str+4}
  2837 | D        | Identified the +10 shortbow of Impatience {freeze, rC-
                  | Int+7}
  2837 | D        | Identified the +0 robe "Baoc" {rPois}
  2839 | D        | Killed a lich
  2842 | D        | Killed a ghoul
  2853 | D        | Found a transporter.
  2864 | D        | Got Ropomp's Collected Works on Cloudy Malediction
  2866 | D        | Got the Incunabulum of Entrancing Cold
  2880 | D        | Got the ring "Bosih" {Ice *Corrode MP+9 Str+4}
  3025 | D        | Entered arena 22.
  3028 | D        | Noticed a royal mummy
  3029 | D        | Noticed a royal mummy
  3030 | D        | Noticed a royal mummy
  3031 | D        | Identified the +7 mace "Luroq" {elec, +Rage rF++ rC- Dex-5}
  3033 | D        | HP: 3/118 [something (12)]
  3033 | D        | Killed from afar by a royal mummy

Illustrated notes

Levels and vault maps discovered:
D:        sprint_v [room_start, room_1, room_2, room_3, room_4, room_5, room_6,
          room_7, room_8, room_9, room_10, room_11, room_12, room_13, room_14,
          room_15, room_16, room_17, room_18, room_19, room_20, room_21,
          room_22, room_23, room_24, room_25, room_26, room_27]

Skill      XL: |  1  2  3  4  5  6  7  8  9 10 11 12 13 14 15 |
---------------+----------------------------------------------+-----
Fighting       | 4 5 6 7 8 9 10 12 13 14 16 17 | 17.1
Armour         | 5 6 7 8 9 11 12 13 15 17 18 19 | 19.7
Dodging        | 4 6 8 9 11 12 13 15 16 18 19 | 19.6
Shields        | 4 6 8 9 10 12 13 15 16 18 19 | 19.6
Invocations    | 4 6 8 9 11 12 13 15 16 18 19 | 19.6
Short Blades   | |  2.4
Axes           | |  1.0
Stealth        | |  2.1
Evocations     | |  1.0

Action                   |  1- 3 |  4- 6 |  7- 9 | 10-12 | 13-15 || total
-------------------------+-------+-------+-------+-------+-------++-------
Melee: Shillelagh        |     5 |     6 |    38 |    24 |    28 ||   101
Invok: Upheaval          |       |       |     7 |     1 |     3 ||    11
       Disaster Area     |       |       |       |     7 |    16 ||    23
Evoke: Condenser vane    |       |       |     1 |       |       ||     1
Armor: Plate armour      |     2 |     2 |    19 |     3 |    10 ||    36
Dodge: Dodged            |       |     1 |    13 |       |    11 ||    25
       Repelled          |       |       |       |       |     1 ||     1
Block: Kite shield       |     9 |     8 |    87 |    37 |    51 ||   192
       Reflection        |       |       |       |     5 |     1 ||     6
